 Seeded DCSS version 0.29-a0-284-gf9362112df (webtiles) character file.

Game seed: 20220330 (custom seed)

47 cheechan the Gusty (level 3, 0/21 HPs)
             Began as an Octopode Air Elementalist on Mar 30, 2022.
             Slain by Terence
             ... wielding a +0 hand axe
              (3 damage)
             ... on level 2 of the Dungeon.
             The game lasted 00:04:27 (1267 turns).

cheechan the Gusty (Octopode Air Elementalist)      Turns: 1267, Time: 00:04:27

Health: 0/21       AC:  1    Str:  7    XL:     3   Next: 70%
Magic:  3/6        EV: 13    Int: 17    God:
Gold:   99         SH:  0    Dex: 14    Spells: 6/7 levels left

rFire   . . .      SeeInvis .   j - +0 whip
rCold   . . .      Faith    .   (no shield)
rNeg    + . .      Spirit   .   (helmet restricted)
rPois   .          Reflect  .   (no amulet)
rElec   .          Harm     .   i - ring of positive energy
rCorr   .          Rampage  .   (no ring)
Will    .....                   (no ring)
Stlth   +++.......              (no ring)
HPRegen 0.07/turn               (no ring)
MPRegen 0.10/turn               (no ring)
                                (no ring)
                                (no ring)

@: no status effects
A: almost no armour, amphibious, 8 rings, camouflage 1, gelatinous body 1,
(nimble swimmer 1), tentacles
a: no special abilities


You were on level 2 of the Dungeon.
You visited 1 branch of the dungeon, and saw 2 of its levels.

You collected 99 gold pieces.

Inventory:

Hand Weapons
 j - a +0 whip (weapon)
Missiles
 c - 42 stones
 e - a poisoned dart (quivered)
Jewellery
 i - a ring of positive energy (left tentacle)
Scrolls
 b - a scroll of identify {unknown}
Potions
 a - a potion of magic
 d - a potion of mutation {unknown}
 f - a potion of attraction {unknown}
 h - a potion of cancellation {unknown}


   Skills:
 + Level 2.0 Dodging
 + Level 3.1 Stealth
 + Level 0.2 Unarmed Combat
 + Level 2.5 Spellcasting
 + Level 1.3 Conjurations
 + Level 3.7 Air Magic


You had 6 spell levels left.
You knew the following spells:

 Your Spells              Type           Power      Damage    Failure   Level
a - Shock                 Conj/Air       40%        1d5       6%          1

Your spell library contained the following spells:

 Spells                   Type           Power      Damage    Failure   Level
 Static Discharge         Conj/Air       10%        N/A       10%         2
 Swiftness                Air            15%        N/A       12%         3
 Airstrike                Air            7%         N/A       36%         4
 Gell's Gravitas          Tloc           2%         N/A       50%         3
 Lesser Beckoning         Tloc           2%         N/A       50%         3
 Teleport Other           Tloc           2%         N/A       50%         3


Dungeon Overview and Level Annotations

Branches:
Dungeon (2/15)

Altars:

Annotations:
D:2 Terence


Innate Abilities, Weirdness & Mutations

You cannot wear most types of armour.
You are amphibious.
You can wear up to eight rings at the same time.
Your skin changes colour to match your surroundings (Stealth+).
Your rubbery body absorbs attacks. (AC +1, EV +1)
((You are camouflaged when in or above water. (Stealth+)))
You have tentacles for arms and can constrict up to eight enemies at once.


Message History

You throw a poisoned dart. The poisoned dart hits Terence.
Unknown command.
Throw: 2 darts (poison)
Press: ? - help, Q - select action, (/) - cycle Shift-Dir - straight line, f/p - Terence
Aim: Terence, wielding a +0 hand axe and wearing a +3 chain mail of poison resistance (65% to hit)
You throw a poisoned dart.
The poisoned dart barely misses Terence.
Terence says, "How do you enjoy it?"
Casting: Shock (safe; 6% risk of failure)
Confirm with . or Enter, or press ? or * to list all spells.
You don't know that spell.
Casting: Shock (safe; 6% risk of failure)
Confirm with . or Enter, or press ? or * to list all spells.
Aiming: Shock (safe; 6% risk of failure)
Press: ? - help, Shift-Dir - straight line, f/p - Terence
Aim: Terence, wielding a +0 hand axe and wearing a +3 chain mail of poison resistance (77% to hit)
The zap hits Terence but does no damage.
Terence hits you with a +0 hand axe!
Unknown command.
Casting: Shock (safe; 6% risk of failure)
Confirm with . or Enter, or press ? or * to list all spells.
Aiming: Shock (safe; 6% risk of failure)
Press: ? - help, Shift-Dir - straight line, f/p - Terence
Aim: Terence, wielding a +0 hand axe and wearing a +3 chain mail of poison resistance (77% to hit)
The zap hits Terence.
Terence is lightly wounded.
Terence barely misses you.
You hit Terence but do no damage. Your grab misses Terence.
Terence is lightly wounded.
Terence hits you with a +0 hand axe!
* * * LOW HITPOINT WARNING * * *
Casting: Shock (safe; 6% risk of failure)
Confirm with . or Enter, or press ? or * to list all spells.
Aiming: Shock (safe; 6% risk of failure)
Press: ? - help, Shift-Dir - straight line, f/p - Terence
Aim: Terence, wielding a +0 hand axe and wearing a +3 chain mail of poison resistance (lightly wounded, 77% to hit)
The zap hits Terence but does no damage.
Terence is lightly wounded.
Terence hits you with a +0 hand axe.
You die...

#####...#.#####........
....................##.
##....................
.
####...#...###...#.##.#
#...#.#.###.........
...................$.
.##.#.#.#..##.....# .
..#.............##.#
#............@.......
.. ..#...###.#.@.......
. . #... #.#.....##.#
..... ....(...# # .....
......(..# ....#
.....>(..... ..##
..###..#..... #..
......


You could see Terence.

Vanquished Creatures
  An adder (D:2)
  3 dart slugs (D:1)
  6 ball pythons (D:1)
  3 endoplasms
  2 giant cockroaches (D:2)
  A goblin (D:1)
  2 hobgoblins (D:1)
  4 jackals (D:2)
  A kobold (D:2)
  3 bats (D:1)
  2 frilled lizards (D:1)
  2 rats
30 creatures vanquished.

Vanquished Creatures (others)
  A plant (D:1)
1 creature vanquished.

Grand Total: 31 creatures vanquished

Notes
Turn   | Place    | Note
-------+----------+-------------------------------------------
     0 | D:1      | cheechan the Octopode Air Elementalist began the quest for
                  | the Orb.
     0 | D:1      | Reached XP level 1. HP: 11/11 MP: 3/3
    82 | D:1      | Reached XP level 2. HP: 16/17 MP: 1/5
   683 | D:1      | Reached XP level 3. HP: 13/21 MP: 0/6
   741 | D:1      | Found a faded altar of an unknown god.
   754 | D:1      | Got Plato's Collected Works on Confrontation
   860 | D:1      | You fall into a shaft and drop 1 floor!
  1256 | D:2      | Noticed Terence
  1267 | D:2      | Slain by Terence

Illustrated notes

Levels and vault maps discovered:
D:1:      saegor_arrival_simple_d, layout_loops_ring, serial_forest,
          infiniplex_forest_3_way, infiniplex_forest_lined_ring,
          infiniplex_forest_clump_small, infiniplex_forest_3_way,
          infiniplex_forest_lined_corner, infiniplex_forest_clump_diagonal,
          infiniplex_forest_straight_4, infiniplex_forest_clump_cross,
          shapermc_ecumenical_altar_rom_forum, minmay_parallelograms
D:2:      layout_basic, basic_altar, minmay_pentomino_r4, uniq_terence,
          uniq_crazy_yiuf_cottage

Skill      XL: |  1  2 |
---------------+-------+-----
Stealth        | 3 |  3.1
Dodging        | |  2.0
Unarmed Combat | |  0.2
Spellcasting   | |  2.5
Conjurations   | |  1.3
Air Magic      | |  3.7

Action                   || total
-------------------------++-------
Melee: Unarmed           ||    16
       Tentacles         ||    11
       Constrict         ||     9
       Club              ||    10
       Whip              ||     1
Throw: Dart              ||     3
 Cast: Shock             ||    48
Armor: Skin              ||     3
Dodge: Dodged            ||    25

Table legend: (Time is in decaauts)
 A = Elapsed time spent in this place.
 B = Non-inter-level travel time spent in this place.
 C = Inter-level travel time spent in this place.
 D = Time resting spent in this place.
 E = Time spent auto-exploring this place.
 F = Levels seen in this place.
 G = Mean time per level.
                   A        B        C        D        E       F      G
               +--------+--------+--------+--------+--------+-----+--------+
         Total |   1267 |   1267 |      0 |    217 |      0 |   2 |  633.5 |
       Dungeon |   1267 |   1267 |      0 |    217 |      0 |   2 |  633.5 |
               +--------+--------+--------+--------+--------+-----+--------+

Top non-repeatable levels by time:
     D:1: 859 daAuts
     D:2: 407 daAuts
